 Dungeon Crawl Stone Soup version 0.29-a0-886-gfb1a3fa8b1 (webtiles) character file.

Game seed: 2416867782215319604

14210 RepoMan the Markself (level 11, 0/60 HPs)
             Began as a Deep Elf Arcane Marksman on July 21, 2022.
             Was an Elder of Hepliaklqana.
             Slain by a quicksilver ooze (1 damage)
             ... in a Gauntlet.
             The game lasted 01:08:04 (12043 turns).

RepoMan the Markself (Deep Elf Arcane Marksman)    Turns: 12043, Time: 01:08:05

Health: 0/60       AC: 15    Str:  7    XL:     11   Next: 85%
Magic:  1/17       EV: 17    Int: 19    God:    Hepliaklqana [****..]
Gold:   652        SH:  0    Dex: 19    Spells: 5/16 levels left

rFire   + + .      SeeInvis .   s - +0 shortbow (venom)
rCold   . . .      Faith    .   (shield currently unavailable)
rNeg    + . .      Spirit   .   h - +2 leather armour {rF+}
rPois   .          Reflect  .   d - +1 helmet of Arcadian Lucidity {rF+ rN+}
rElec   .          Harm     .   (no cloak)
rCorr   .          Rampage  .   g - +2 pair of gloves {infuse}
Will    +....      NoTele   +   w - +0 pair of boots
Stlth   +.........              (no amulet)
HPRegen 0.20/turn               n - +4 ring of slaying
MPRegen 0.15/turn               L - +4 ring of protection

@: engulfed (cannot breathe), studying Polearms
A: reduced essence
a: Renounce Religion, Recall Ancestor, Ancestor Identity, Transference, Idealise


You were in a Gauntlet.
You worshipped Hepliaklqana.
Hepliaklqana was greatly pleased with you.
You visited 3 branches of the dungeon, and saw 13 of its levels.
You also visited: Gauntlet.

You collected 652 gold pieces.

Inventory:

Hand Weapons
 s - a +0 shortbow of venom (weapon)
 x - a +5 long sword of freezing
 B - a +0 arbalest
Missiles
 c - 3 javelins
 M - 2 curare-tipped darts
Armour
 d - the +1 helmet of Arcadian Lucidity (worn) {rF+ rN+}
   (You found it in a Gauntlet)

   rF:        It protects you from fire.
   rN:        It protects you from negative energy.
 g - a +2 pair of gloves of infusion (worn)
 h - a +2 leather armour of fire resistance (worn)
 w - a +0 pair of boots (worn)
 y - a +2 kite shield
 N - a +0 troll leather armour
Jewellery
 n - a +4 ring of slaying (left hand)
 v - a ring of flight
 A - a +6 ring of intelligence
 L - a +4 ring of protection (right hand)
Wands
 k - a wand of flame (11)
 O - a wand of paralysis (2)
 Q - a wand of digging (7)
Scrolls
 a - 3 scrolls of fog
 b - 3 scrolls of vulnerability
 f - a scroll of torment
 l - a scroll of immolation
 m - 5 scrolls of teleportation
 t - 3 scrolls of magic mapping
 P - a scroll of poison {unknown}
 R - a scroll of summoning {unknown}
Potions
 e - 6 potions of curing {unknown}
 i - a potion of haste {unknown}
 p - 4 potions of attraction
 q - 3 potions of brilliance {unknown}
 z - a potion of berserk rage {unknown}
 C - a potion of invisibility {unknown}
 D - 2 potions of magic {unknown}
 E - 2 potions of resistance {unknown}
 F - 2 potions of flight {unknown}
 H - 3 potions of mutation {unknown}
 I - 2 potions of lignification {unknown}
 J - 2 potions of might {unknown}
 S - a potion of degeneration {unknown}


   Skills:
 + Level 7.0 Fighting
 * Level 17.8 Ranged Weapons
 + Level 10.3 Dodging
 - Level 3.3 Spellcasting
 + Level 8.1 Hexes
 + Level 2.4 Invocations


You had 5 spell levels left.
You knew the following spells:

 Your Spells              Type           Power      Damage    Failure   Level
f - Cause Fear            Hex            16%        N/A       8%          4
i - Inner Flame           Hex/Fire       18%        N/A       13%         3
p - Portal Projectile     Hex/Tloc       36%        N/A       13%         3
w - Slow                  Hex            100%       N/A       1%          1

Your spell library contained the following spells:

 Spells                   Type           Power      Damage    Failure   Level
 Beastly Appendage        Tmut           6%         N/A       22%         1
 Necrotise                Necr           12%        1d4       22%         1
 Wereblood                Tmut           3%         N/A       34%         2
 Anguish                  Hex/Necr       9%         N/A       38%         4
 Leda's Liquefaction      Hex/Erth       9%         N/A       38%         4
 Call Canine Familiar     Summ           3%         N/A       56%         3
 Conjure Flame            Conj/Fire      3%         6-21      56%         3
 Gell's Gravitas          Tloc           3%         N/A       56%         3
 Ignite Poison            Fire/Tmut/Pois 3%         N/A       56%         3
 Lesser Beckoning         Tloc           3%         N/A       56%         3
 Ozocubu's Armour         Ice            3%         N/A       56%         3
 Spider Form              Tmut/Pois      3%         N/A       56%         3
 Teleport Other           Tloc           3%         N/A       56%         3
 Vampiric Draining        Necr           3%         2d6       56%         3
 Sticky Flame             Conj/Fire      3%         2d3       92%         4
 Agony                    Necr           3%         N/A       99%         5
 Ozocubu's Refrigeration  Ice            1%         4d5       100%        7


Dungeon Overview and Level Annotations

Branches:
Dungeon (10/15)            Temple (1/1) D:6            Lair (2/5) D:10
 Shoals (0/4) Lair:2        Snake (0/4) Lair:2          Orc (0/2) D:9
Gauntlet (1/1)

Altars:
Ashenzari
Cheibriados
Dithmenos
Elyvilon
Fedhas
Gozag
Hepliaklqana
Kikubaaqudgha
Makhleb
Nemelex Xobeh
Qazlal
Ru
Sif Muna
Trog
Wu Jian
Xom
Yredelemnul
The Shining One

Shops:
D:4 (*

Annotations:
D:2 exclusion: downstairs
D:5 2 runed translucent doors, exclusion: downstairs, wrnklr's ghost, novice SpEn
Lair:2 1 transporter, Lasawaed's ghost, journeyman GrFE Gauntlet 9 transporters


Message History

You swap places.
The quicksilver ooze barely misses you. The quicksilver ooze hits you.
You feel your power leaking away. The quicksilver ooze hits you!
The quicksilver ooze misses you.
Edmée hits the quicksilver ooze with a +0 flail!
Unknown command.
The quicksilver ooze hits you!
The quicksilver ooze hits you but does no damage.
Edmée hits the quicksilver ooze with a +0 flail!
Unknown command.
Okay, then.
Okay, then.
Okay, then.
Okay, then.
Okay, then.
Okay, then.
Unknown command.
As you read the scroll labelled ISUTOL ISHRAUTA, it crumbles to dust.
It is a scroll of brand weapon.
Your +0 shortbow drips with poison.
s - a +0 shortbow of venom (weapon)
The quicksilver ooze closely misses you.
The quicksilver ooze hits you.
Edmée hits the quicksilver ooze with a +0 flail!
This is a scroll of acquirement!
Something appears at your feet! The quicksilver ooze barely misses you.
The quicksilver ooze hits you!
* * * LOW HITPOINT WARNING * * *
The quicksilver ooze completely misses you.
The quicksilver ooze hits you!
* * * LOW HITPOINT WARNING * * *
Edmée barely misses the quicksilver ooze.
As you read the scroll labelled EZIOSSIYMA, it crumbles to dust.
It is a scroll of amnesia.
Really abort (and waste the scroll)?
Okay, then.
The quicksilver ooze hits you.
* * * LOW HITPOINT WARNING * * *
The quicksilver ooze engulfs you! The quicksilver ooze hits you.
You die...

##...#.........#...########
#≈...#...###...#...#....)..
##...#....#....#####.[#.#..
#≈...#?#..#..#.#...#).#.#..
##.8.#©.######.#©8©#©.#©#..
#≈...#=#..#©.#.#...#..#)#..
##...#[...#....#####..#.#..
#≈...#...###...#...#.......
##...#..RJ@....#...########
#≈...###########...........
##...............8.....8...
##.8.....8................
#≈...............#########
##...#########...#.##Z#ZZ.
.#...##3#3#3##...#Z#..##.#
8.#...#?#.#.#.#####[###.©.#
...#...##}#©#.##...#.##.###.


You could see the friendly Edmée the knight, a quicksilver ooze (ally target)
and 3 sixfirhies.

Vanquished Creatures
  A hydra (Lair:2)
  2 two-headed ogres
  2 elephants (Lair:2)
  An unseen horror zombie (D:8)
  A rime drake (Lair:1)
  A troll (D:9)
  3 meliai (Gauntlet)
  A hornet (D:10)
  Prince Ribbit (D:5)
  A blink frog (Lair:1)
  2 wyverns
  5 yaks
  6 water moccasins
  2 orc warriors
  4 ice beasts
  4 sky beasts
  A hornet zombie (D:8)
  2 black bears
  3 wolves (Lair:2)
  An ogre (D:4)
  3 centaurs
  2 phantoms
  7 kobold brigands
  5 scorpions
  2 wyvern zombies (D:8)
  3 bullfrogs
  2 necrophages (D:5)
  20 wights
  5 howler monkeys
  A jelly (D:7)
  4 centaur zombies (D:8)
  3 orc priests
  3 hounds
  4 iguanas
  An iron imp (D:9)
  5 orc wizards
  3 killer bee zombies (D:8)
  6 howler monkey zombies (D:8)
  11 gnolls
  6 adders
  A shadow imp (D:7)
  2 ufetubi (D:4)
  4 worms
  2 dart slugs (D:4)
  18 orcs
  8 ball pythons
  7 bats
  8 endoplasms
  3 giant cockroaches
  11 goblins
  8 hobgoblins
  2 jackals (D:3)
  24 kobolds
  3 quokkas
  2 frilled lizards
  5 rats
248 creatures vanquished.

Vanquished Creatures (collateral kills)
  A hydra (Lair:1)
  A black mamba (Lair:1)
  An unseen horror zombie (D:8)
  A troll (D:10)
  2 blink frogs (Lair:1)
  A shadow (D:9)
  A ynoxinul (D:9)
  2 wolves (Lair:2)
  A bullfrog (Lair:1)
  9 wights
  A howler monkey (D:10)
  2 centaur zombies (D:8)
  An orc wizard (D:9)
  A howler monkey zombie (D:8)
  A kobold (D:10)
  A butterfly (Lair:1)
27 creatures vanquished.

Vanquished Creatures (others)
  2 knights
  5 ancestors
  A fungus (Lair:2)
  6 plants
  3 withered plants (D:8)
17 creatures vanquished.

Grand Total: 292 creatures vanquished

Notes
Turn   | Place    | Note
-------+----------+-------------------------------------------
     0 | D:1      | RepoMan the Deep Elf Arcane Marksman began the quest for
                  | the Orb.
     0 | D:1      | Reached XP level 1. HP: 11/11 MP: 5/5
    94 | D:1      | Reached skill level 3 in Ranged Weapons
   122 | D:1      | Found a faded altar of an unknown god.
   305 | D:1      | Reached XP level 2. HP: 15/16 MP: 6/6
   390 | D:1      | Reached skill level 4 in Ranged Weapons
   774 | D:1      | Reached XP level 3. HP: 20/20 MP: 7/7
   940 | D:2      | Reached skill level 5 in Ranged Weapons
   987 | D:2      | Reached XP level 4. HP: 24/24 MP: 6/8
  1014 | D:2      | Reached skill level 6 in Ranged Weapons
  1837 | D:3      | Reached skill level 7 in Ranged Weapons
  1837 | D:3      | Reached XP level 5. HP: 28/28 MP: 7/9
  2112 | D:3      | Reached skill level 8 in Ranged Weapons
  2129 | D:3      | Noticed a black bear
  2379 | D:3      | Killed a black bear
  2380 | D:3      | Reached skill level 9 in Ranged Weapons
  2380 | D:3      | Reached XP level 6. HP: 33/33 MP: 10/10
  2817 | D:4      | Found Pyhi's Antique Weapon Boutique.
  2832 | D:4      | Reached skill level 10 in Ranged Weapons
  2943 | D:4      | Reached skill level 1 in Fighting
  2943 | D:4      | Reached XP level 7. HP: 38/38 MP: 9/11
  3014 | D:4      | Found Faest's Mayhem Merchandise.
  3099 | D:4      | Found a broken altar of Ashenzari.
  3290 | D:5      | Entered Level 5 of the Dungeon
  3452 | D:5      | Found a large runed translucent door.
  3508 | D:5      | Found a large runed translucent door.
  3512 | D:5      | Noticed wrnklr's ghost (novice SpEn)
  3577 | D:5      | Noticed Prince Ribbit
  3583 | D:5      | Reached skill level 11 in Ranged Weapons
  3591 | D:5      | Killed Prince Ribbit
  3592 | D:5      | Reached XP level 8. HP: 45/45 MP: 10/12
  3822 | D:5      | Found an ancient bone altar of Kikubaaqudgha.
  4122 | D:5      | Reached skill level 12 in Ranged Weapons
  4122 | D:5      | Reached skill level 5 in Dodging
  4978 | D:7      | Reached XP level 9. HP: 52/52 MP: 11/13
  5034 | D:7      | Reached skill level 13 in Ranged Weapons
  5058 | D:6      | Found a staircase to the Ecumenical Temple.
  5064 | Temple   | Entered the Ecumenical Temple
  5119 | Temple   | Became a worshipper of Hepliaklqana the Forgotten
  6315 | D:7      | Reached skill level 14 in Ranged Weapons
  6467 | D:7      | Reached * piety under Hepliaklqana
  7032 | D:8      | Reached skill level 5 in Fighting
  7079 | D:8      | Reached XP level 10. HP: 51/53 MP: 14/14
  7115 | D:8      | Noticed a two-headed ogre
  7130 | D:8      | Killed a two-headed ogre
  7131 | D:8      | Reached skill level 15 in Ranged Weapons
  7131 | D:8      | Reached skill level 5 in Hexes
  7142 | D:8      | Noticed a centaur warrior
  7854 | D:9      | Reached skill level 16 in Ranged Weapons
  7928 | D:9      | Found a shimmering blue altar of Sif Muna.
  8372 | D:9      | Got Sif Muna's Monograph on the Undead
  8533 | D:9      | Found a bloodstained altar of Trog.
  8592 | D:9      | Found a snail-covered altar of Cheibriados.
  8646 | D:9      | Reached XP level 11. HP: 57/57 MP: 13/15
  8697 | D:9      | Found a glowing golden altar of the Shining One.
  8735 | D:9      | Reached ** piety under Hepliaklqana
  8736 | D:9      | Remembered your ancestor Edmée as a knight
  8790 | D:9      | Found an opulent altar of Gozag.
  9051 | D:9      | You fall into a shaft and drop 1 floor!
  9051 | D:10     | Entered Level 10 of the Dungeon
  9188 | D:9      | Found a staircase to the Orcish Mines.
  9732 | D:10     | Found an ornate altar of the Wu Jian Council.
  9997 | D:10     | Reached *** piety under Hepliaklqana
 10177 | D:10     | Noticed a two-headed ogre
 10184 | D:10     | Killed a two-headed ogre
 10218 | D:10     | Found a staircase to the Lair.
 10458 | Lair:1   | Entered Level 1 of the Lair of Beasts
 10471 | Lair:1   | Reached skill level 17 in Ranged Weapons
 10614 | Lair:1   | Noticed a four-headed hydra
 10627 | Lair:1   | Killed a four-headed hydra
 10714 | Lair:1   | Learned a level 4 spell: Cause Fear
 10718 | Lair:1   | Learned a level 3 spell: Inner Flame
 10722 | Lair:1   | Learned a level 3 spell: Portal Projectile
 10925 | Lair:1   | Reached skill level 10 in Dodging
 11456 | Lair:2   | Noticed a four-headed hydra
 11467 | Lair:2   | Killed a four-headed hydra
 11468 | Lair:2   | Reached skill level 1 in Invocations
 11477 | Lair:2   | Found a transporter.
 11481 | Lair:2   | Noticed Lasawaed's ghost (journeyman GrFE)
 11489 | Lair:2   | Reached **** piety under Hepliaklqana
 11744 | Lair:2   | Found a gate leading to a gauntlet.
 11752 | Gauntlet | Entered a Gauntlet
 11752 | Gauntlet | Found a transporter.
 11761 | Gauntlet | Found a transporter.
 11763 | Gauntlet | Found a transporter.
 11765 | Gauntlet | Found a transporter.
 11766 | Gauntlet | Found a transporter.
 11767 | Gauntlet | Found a transporter.
 11769 | Gauntlet | Noticed a sixfirhy
 11773 | Gauntlet | Noticed a quicksilver ooze
 11775 | Gauntlet | Found a transporter.
 11775 | Gauntlet | Noticed a sixfirhy
 11776 | Gauntlet | Found a transporter.
 11776 | Gauntlet | Noticed a sixfirhy
 11839 | Gauntlet | Noticed a ghost crab
 11842 | Gauntlet | Found a transporter.
 11843 | Gauntlet | Found a transporter.
 11847 | Gauntlet | Found a transporter.
 11854 | Gauntlet | Noticed a catoblepas
 11857 | Gauntlet | Found a transporter.
 11956 | Gauntlet | Identified the +1 helmet of Arcadian Lucidity {rF+ rN+}
 12042 | Gauntlet | Identified a scroll of acquirement
 12042 | Gauntlet | Acquired a +4 vorpal triple crossbow
 12043 | Gauntlet | HP: 1/60 [quicksilver ooze (5)]
 12043 | Gauntlet | Slain by a quicksilver ooze

Illustrated notes

Levels and vault maps discovered:
D:1:      lemuel_arrival_rhombus, layout_loops_ring,
          shapermc_ecumenical_altar_petra, minmay_tree_intersection
D:2:      layout_rooms, palyth_stone_intersect
D:3:      layout_basic
D:4:      layout_gridville, marbit_many_paths, serial_shops,
          nicolae_shop_hallway_plus, minmay_shop_mayhem
D:5:      layout_basic, lemuel_doored_altar, ebering_ghost_disaster_area,
          chequers_serial_rivers_room_b, uniq_prince_ribbit1
D:6:      layout_loops_corners, minmay_temple_entry_hall, minmay_manual_mess
D:7:      layout_rooms
D:8:      layout_loops_ring, serial_undead, serial_undead_e, serial_undead_a,
          serial_undead_e, serial_undead_d, serial_undead_f, serial_undead_c,
          serial_undead_a, serial_undead_b, onia_ninara_dug_in_and_dangerous
D:9:      layout_stronghold, nzn_overflow_gifts_of_might_and_magic,
          grunt_gozag_breadcrumbs, slow_altar_1, tso_altar
D:10:     layout_basic, mainiacjoe_overflow_surrounded_room
Temple:   jpeg_temple_clearing
Lair:1:   layout_chaotic_city, serial_bayou_ford_a, lemuel_fruit_fields,
          grunt_megastairs_1, serial_bayou_shore_b
Lair:2:   layout_chaotic_city, minmay_shoals_entry_lonely_mermaid,
          minmay_snake_entry_guardpost_medium, gauntlet_entry_generic,
          gammafunk_ghost_arena, st_stairs_9
Gauntlet: minmay_gauntlet_mixed_oops_all_seconds
          [minmay_gauntlet_arena_77_museum, gammafunk_gauntlet_arena_crates,
          minmay_gauntlet_arena_77_chump_sandwich,
          nicolae_gauntlet_arena_grate_2, minmay_gauntlet_arena_77_checkered,
          nicolae_gauntlet_arena_t_cross, gauntlet_exit_hidden_loot]

Skill      XL: |  1  2  3  4  5  6  7  8  9 10 11 |
---------------+----------------------------------+-----
Ranged Weapons | 3 4 5 7 9 10 11 12 14 16 17 | 17.8
Fighting       | 1 2 3 5 6 7 |  7.0
Dodging        | 4 5 7 9 10 | 10.3
Hexes          | 6 8 |  8.1
Spellcasting   | 3 |  3.3
Invocations    | 2 |  2.4

Action                   |  1- 3 |  4- 6 |  7- 9 | 10-12 || total
-------------------------+-------+-------+-------+-------++-------
 Fire: Sling             |    93 |   151 |       |       ||   244
       Shortbow          |       |    44 |   353 |   351 ||   748
Throw: Javelin           |       |     4 |       |       ||     4
 Cast: Slow              |    17 |    28 |    56 |     9 ||   110
       Cause Fear        |       |       |       |     2 ||     2
Invok: Recall Ancestor   |       |       |       |     2 ||     2
       Ancestor Life: Kn |       |       |       |     1 ||     1
Evoke: Wand              |       |       |    14 |    17 ||    31
  Use: Potion            |       |     2 |     2 |     1 ||     5
       Scroll            |       |     2 |       |     8 ||    10
Armor: Leather armour    |    20 |    22 |    21 |    26 ||    89
Dodge: Dodged            |    29 |    42 |    85 |    99 ||   255

Table legend: (Time is in decaauts)
 A = Elapsed time spent in this place.
 B = Non-inter-level travel time spent in this place.
 C = Inter-level travel time spent in this place.
 D = Time resting spent in this place.
 E = Time spent auto-exploring this place.
 F = Levels seen in this place.
 G = Mean time per level.
                   A        B        C        D        E       F      G
               +--------+--------+--------+--------+--------+-----+--------+
         Total |  11989 |  11362 |    627 |   2092 |   5521 |  14 |  856.4 |
       Dungeon |  10345 |   9763 |    582 |   1742 |   4903 |  10 | 1034.5 |
        Temple |     78 |     78 |      0 |      0 |      0 |   1 |   78.0 |
          Lair |   1277 |   1232 |     45 |    316 |    618 |   2 |  638.5 |
      Gauntlet |    287 |    287 |      0 |     34 |      0 |   1 |  287.0 |
               +--------+--------+--------+--------+--------+-----+--------+

Top non-repeatable levels by time:
     D:6: 1509 daAuts
     D:9: 1383 daAuts
     D:8: 1249 daAuts
  Lair:1: 1149 daAuts
     D:5: 1121 daAuts
    D:10: 1069 daAuts
     D:1: 911 daAuts
     D:2: 881 daAuts
     D:4: 791 daAuts
     D:3: 753 daAuts
     D:7: 674 daAuts
Gauntlet: 287 daAuts
  Lair:2: 128 daAuts
  Temple: 78 daAuts
